 Dungeon Crawl Stone Soup version 0.30.1-4-g462c640d31 (webtiles) character file.

Game seed: 18069368159761368145

161 Zeor the Shield-Bearer (level 5, 0/42 HPs)
             Began as a Formicid Fighter on Aug 16, 2023.
             Slain by an ufetubus (3 damage)
             ... summoned by Eustachio
             ... on level 4 of the Dungeon.
             The game lasted 00:11:18 (2451 turns).

Zeor the Shield-Bearer (Formicid Fighter)           Turns: 2451, Time: 00:11:19

Health: 0/42       AC: 11    Str: 21    XL:     5   Next: 70%
Magic:  5/5        EV:  6    Int:  7    God:
Gold:   84         SH:  5    Dex: 15    Spells: 4/4 levels left

rFire   . . .        a - +1 long sword
rCold   . . .        c - +0 buckler
rNeg    . . .        j - +0 plate armour
rPois   .            (helmet unavailable)
rElec   .            (no cloak)
rCorr   .            (no gloves)
SInv    +            (no boots)
Will    .....        (no amulet) Stlth
                     (no ring)
HPRegen 0.27/turn    (no ring)
MPRegen 0.09/turn

%: no passive effects
@: flying, invisible
A: permanent stasis, dig shafts and tunnels, antennae 3, four strong arms
a: Dig, Shaft Self


You were on level 4 of the Dungeon.
You visited 1 branch of the dungeon, and saw 4 of its levels.

You collected 84 gold pieces.

Inventory:

Hand Weapons
 a - a +1 long sword (weapon)
 m - a +0 long sword
Missiles
 e - 6 poisoned darts
 i - 2 silver javelins
Armour
 c - a +0 buckler (worn)
 g - an orb of mayhem
 j - a +0 plate armour (worn)
Wands
 h - a wand of charming (2)
Scrolls
 f - a scroll of fear
 k - a scroll of magic mapping
Potions
 p - a potion of brilliance {unknown}
 q - a potion of curing {unknown}


   Skills:
 + Level 3.8 Fighting
 + Level 4.2 Long Blades
 + Level 4.1 Armour
 + Level 0.1 Stealth
 + Level 4.6 Shields


You had 4 spell levels left.
You didn't know any spells.
Your spell library contained the following spells:

 Spells                   Type           Power      Damage    Failure   Level
 Sandblast                Erth           0%         2d4       100%        1
 Passwall                 Tmut/Erth      0%         N/A       100%        2
 Stone Arrow              Conj/Erth      0%         3d7       100%        3


Dungeon Overview and Level Annotations

Branches:
Dungeon (4/15)
 Temple: D:4-7

Altars:

Shops:
D:2 [

Annotations:
D:4 Eustachio


Innate Abilities, Weirdness & Mutations

You cannot be hasted, slowed, berserked, paralysed or teleported.
You can dig through walls and to a lower floor.
You have a pair of large antennae on your head. (SInv)
Your four strong arms can wield two-handed weapons with a shield.


Message History

You catch the helpless white imp completely off-guard!
You hit the white imp.
The white imp is almost dead.
The bat hits you but does no damage.
The ufetubus hits you but does no damage. x2
The bat barely misses you.
The river rat bites you but does no damage.
The white imp hits you but does no damage.
You block the ufetubus's attack. x2; The river rat completely misses you.
The river rat barely misses you.
You slash the white imp!
You kill the white imp!
The white imp disappears in a puff of smoke!
You block the bat's attack. The bat hits you but does no damage.
The ufetubus barely misses you. The ufetubus hits you.
* * * LOW HITPOINT WARNING * * *
The river rat barely misses you. The ufetubus closely misses you.
You block the ufetubus's attack.
The quokka bites you but does no damage.
You hit the quokka.
You kill the quokka!
The quokka's corpse disappears in a puff of smoke!
The bat hits you but does no damage. The ufetubus barely misses you.
You block the ufetubus's attack. Eustachio barely misses you.
The bat hits you but does no damage. The river rat bites you!
* * * LOW HITPOINT WARNING * * *
Are you sure you want to shaft yourself?
The bat hits you but does no damage. The ufetubus barely misses you.
You block the ufetubus's attack. The river rat barely misses you.
Eustachio growls, "To hell with you, honourless miscreant!"
Eustachio hits you with a +0 falchion.
* * * LOW HITPOINT WARNING * * *
The river rat bites you but does no damage.
The ufetubus hits you but does no damage.
The ufetubus barely misses you.
You begin to dig a shaft.
You continue digging a shaft.
The bat hits you but does no damage.
The ufetubus hits you but does no damage.
The ufetubus hits you.
You die... ▒▒▒ ▒▒ ▒▒▒▒▒ ▒▒∙▒▒▒ ▒▒▒ ▒▒∙∙▒∙∙∙▒ ▒∙∙∙∙▒▒▒▒∙▒ ∙∙∙∙▒$∙∙∙▒▒∙∙∙∙∙▒∙∙∙▒▒▒ ∙∙∙∙∙

∙∙∙∙∙∙∙∙∙∙∙∙∙[∙(▒▒
∙∙∙∙∙∙▒∙▒∙∙∙∙∙∙∙▒▒▒∙∙∙∙∙
∙∙∙∙∙∙▒∙▒∙∙∙∙∙∙▒▒ ▒∙∙∙▒▒
∙∙∙∙∙∙@5∙∙∙∙∙∙∙▒▒ ▒∙∙∙▒
∙▒rBr∙∙∙∙∙∙∙▒ ▒▒∙∙▒
∙∙∙∙#∙#▒▒∙∙∙∙∙∙∙▒▒▒∙∙∙▒
▒∙∙∙∙∙b∙∙∙∙∙∙▒▒∙∙∙∙∙∙∙▒▒
∙∙▒▒∙∙∙∙∙∙∙∙∙∙▒∙∙∙∙▒∙∙∙∙
∙ ∙∙∙∙∙∙∙∙∙∙∙∙∙∙∙<▒▒▒))∙
▒∙∙∙∙∙∙∙▒▒∙∙∙∙∙∙∙∙∙▒∙)∙


∙∙∙∙∙∙∙∙∙ ▒∙∙∙∙∙∙▒▒∙▒▒∙▒ ▒∙∙∙∙∙∙∙∙ ▒∙∙∙∙∙∙▒∙∙∙∙∙▒ ∙∙∙∙∙∙∙ ▒∙∙∙∙∙∙∙▒▒∙∙∙∙ You
could see Eustachio (unable to see you), 2 river rats, an ufetubus (summoned,
unable to see you) and a bat (summoned).

Vanquished Creatures
  2 orc wizards
  3 adders
  3 worms (D:3)
  A dart slug (D:3)
  8 orcs
  7 ball pythons
  10 bats
  4 endoplasms
  2 giant cockroaches
  3 goblins
  5 hobgoblins
  3 jackals (D:4)
  A quokka (D:1)
  2 frilled lizards (D:1)
  4 kobolds
  6 rats
64 creatures vanquished.

Notes
Turn   | Place    | Note
-------+----------+-------------------------------------------
     0 | D:1      | Zeor the Formicid Fighter began the quest for the Orb.
     0 | D:1      | Reached XP level 1. HP: 18/18 MP: 1/1
   117 | D:1      | Reached XP level 2. HP: 24/24 MP: 2/2
   531 | D:1      | Reached XP level 3. HP: 29/29 MP: 3/3
   796 | D:2      | You fall into a shaft and drop 1 floor!
  1094 | D:2      | Found a faded altar of an unknown god.
  1164 | D:2      | Reached XP level 4. HP: 35/35 MP: 4/4
  1168 | D:2      | Found Detet's Antique Armour Shoppe.
  1928 | D:3      | Reached XP level 5. HP: 41/42 MP: 5/5
  2429 | D:4      | Noticed Eustachio
  2451 | D:4      | Slain by an ufetubus

Illustrated notes

Levels and vault maps discovered:
D:1:      minmay_arrival_plants_in_alcoves, layout_loops_cross
D:2:      layout_basic, serial_shops, shop, ebering_ecumenical_altar_abandoned,
          nrook_campfire
D:3:      layout_loops_ring
D:4:      layout_cave_pools, minitemple, uniq_eustachio

Skill      XL: |  1  2  3  4  5 |
---------------+----------------+-----
Long Blades    | 3 4 |  4.2
Armour         | 4 |  4.1
Fighting       | |  3.8
Stealth        | |  0.1
Shields        | |  4.6

Action                     |  1- 3 |  4- 6 || total
---------------------------+-------+-------++-------
  Melee: Long sword        |   123 |   104 ||   227
Ability: Dig               |     2 |       ||     2
         Shaft Self        |       |     1 ||     1
    Use: Scroll            |     4 |     2 ||     6
         Potion            |       |     5 ||     5
   Stab: Invisible         |       |     2 ||     2
 Armour: Scale mail        |    26 |       ||    26
         Plate armour      |    41 |    88 ||   129
  Dodge: Dodged            |    38 |    65 ||   103
  Block: Buckler           |    34 |    36 ||    70
